| TOP OF THE 1ST |
|
Boise Hawks batting - Pitching for State College Spikes : RHP Kohsuke Naito
|
|
Pitching: RHP Kohsuke Naito
|
|
|
Batting: RHB Elias Urbina
|
0-0: Called Strike 0-1: Ball 1-1: Ball 2-1: Foul Ball, location: 2F 2-2: Foul Ball, location: 2F 2-2: Foul Ball, location: 2F 2-2: Strikes out swinging
|
|
Batting: LHB Glenn Lowther
|
0-0: Foul Ball, location: 2F 0-1: Called Strike 0-2: Strikes out swinging
|
|
Batting: LHB Greg Valenzuela
|
0-0: Foul Ball, location: 2F 0-1: Ball 1-1: SINGLE (Line Drive, 8LM, EV 106.2 MPH)
|
|
Batting: SHB Bobby Santor
|
0-0: Ball 1-0: Called Strike Greg Valenzuela steals 2nd base 1-1: Foul Ball, location: 2F 1-2: Foul Ball, location: 2F 1-2: Foul Ball, location: 2F 1-2: Ball 2-2: Ball 3-2: Ground out 5-3 (Groundball, 56, EV 87.5 MPH)
|
| Top of the 1st over - 0 runs, 1 hit, 0 errors, 1 left on base; Boise 0 - State College 0 |
| BOTTOM OF THE 1ST |
|
State College Spikes batting - Pitching for Boise Hawks : LHP Marc Eismann
|
|
Pitching: LHP Marc Eismann
|
|
|
Batting: RHB Mark Cahill
|
0-0: Called Strike 0-1: Ball 1-1: Fly out, F9 (Flyball, 9S, EV 91.2 MPH)
|
|
Batting: RHB Mike Zimmerly
|
0-0: TRIPLE (Line Drive, 89XD, EV 105.6 MPH)
|
|
Batting: RHB Mark Marks
|
0-0: Ground out 6-3 (Groundball, 6, EV 85.0 MPH) Mike Zimmerly scores
|
|
Batting: RHB Melvin Enriquez
|
0-0: Ball 1-0: Ball 2-0: Fly out, F7 (Flyball, 7S, EV 88.8 MPH)
|
| Bottom of the 1st over - 1 run, 1 hit, 0 errors, 0 left on base; Boise 0 - State College 1 |
| TOP OF THE 2ND |
|
Boise Hawks batting - Pitching for State College Spikes : RHP Kohsuke Naito
|
|
Batting: RHB Eric Delgado
|
0-0: Foul Ball, location: 2F 0-1: Foul Ball, location: 2F 0-2: Ball 1-2: DOUBLE (Groundball, 5L, EV 97.5 MPH)
|
|
Batting: SHB Jamie Locke
|
0-0: Ball 1-0: Called Strike 1-1: Ball 2-1: Swinging Strike 2-2: Strikes out swinging
|
|
Batting: RHB Chris Tatum
|
0-0: Ball 1-0: Swinging Strike 1-1: Ball 2-1: Ball 3-1: Base on Balls
|
|
Batting: RHB Matt Cone
|
0-0: Fielders Choice at 2nd, 1-6 (Groundball, 13S, EV 64.4 MPH) Eric Delgado to third
|
|
Batting: LHB Zane Kelton
|
0-0: Called Strike 0-1: Ball 1-1: Called Strike 1-2: Ball 2-2: Strikes out swinging
|
| Top of the 2nd over - 0 runs, 1 hit, 0 errors, 2 left on base; Boise 0 - State College 1 |
| BOTTOM OF THE 2ND |
|
State College Spikes batting - Pitching for Boise Hawks : LHP Marc Eismann
|
|
Batting: RHB Chris LaReau
|
0-0: Ball 1-0: Swinging Strike 1-1: Ball 2-1: Ground out 4-3 (Groundball, 4, EV 90.6 MPH)
|
|
Batting: RHB Francisco Vargas
|
0-0: Ball 1-0: Ball 2-0: Called Strike 2-1: Ground out U3 (Groundball, 3, EV 90.6 MPH)
|
|
Batting: LHB Dustin Horsley
|
0-0: Called Strike 0-1: Foul Ball, location: 2F 0-2: Strikes out looking
|
| Bottom of the 2nd over - 0 runs, 0 hits, 0 errors, 0 left on base; Boise 0 - State College 1 |
| TOP OF THE 3RD |
|
Boise Hawks batting - Pitching for State College Spikes : RHP Kohsuke Naito
|
|
Batting: RHB Elias Urbina
|
0-0: Called Strike 0-1: Foul Ball, location: 2F 0-2: Foul Ball, location: 2F 0-2: Ball 1-2: Foul Ball, location: 2F 1-2: Ground out 6-3 (Groundball, 6, EV 88.8 MPH)
|
|
Batting: LHB Glenn Lowther
|
0-0: Ball 1-0: Called Strike 1-1: Ground out 6-3 (Groundball, 6, EV 82.5 MPH)
|
|
Batting: LHB Greg Valenzuela
|
0-0: Ball 1-0: Called Strike 1-1: Swinging Strike 1-2: Ball 2-2: Strikes out swinging
|
| Top of the 3rd over - 0 runs, 0 hits, 0 errors, 0 left on base; Boise 0 - State College 1 |
| BOTTOM OF THE 3RD |
|
State College Spikes batting - Pitching for Boise Hawks : LHP Marc Eismann
|
|
Batting: RHB Francisco de la Cruz
|
0-0: Called Strike 0-1: Foul Ball, location: 2F 0-2: SOLO HOME RUN (Line Drive, 7LD, EV 95.0 MPH), Distance : 340 ft
|
|
Batting: RHB Ray Souza
|
0-0: Called Strike 0-1: Foul Ball, location: 2F 0-2: Strikes out looking
|
|
Batting: RHB Mark Cahill
|
0-0: Ball 1-0: Ball 2-0: Ground out 6-3 (Groundball, 6, EV 101.2 MPH)
|
|
Batting: RHB Mike Zimmerly
|
0-0: Ball 1-0: DOUBLE (Line Drive, 3D, EV 101.9 MPH)
|
|
Batting: RHB Mark Marks
|
0-0: Ground out 5-3 (Groundball, 5L, EV 86.9 MPH)
|
| Bottom of the 3rd over - 1 run, 2 hits, 0 errors, 1 left on base; Boise 0 - State College 2 |
| TOP OF THE 4TH |
|
Boise Hawks batting - Pitching for State College Spikes : RHP Kohsuke Naito
|
|
Batting: SHB Bobby Santor
|
0-0: Ball 1-0: Fly out, F8 (Flyball, 8RD, EV 103.1 MPH)
|
|
Batting: RHB Eric Delgado
|
0-0: Called Strike 0-1: Swinging Strike 0-2: Ball 1-2: Strikes out swinging
|
|
Batting: SHB Jamie Locke
|
0-0: Called Strike 0-1: Ball 1-1: Called Strike 1-2: Strikes out swinging
|
| Top of the 4th over - 0 runs, 0 hits, 0 errors, 0 left on base; Boise 0 - State College 2 |
| BOTTOM OF THE 4TH |
|
State College Spikes batting - Pitching for Boise Hawks : LHP Marc Eismann
|
|
Batting: RHB Melvin Enriquez
|
0-0: Called Strike 0-1: Swinging Strike 0-2: Ball 1-2: SINGLE (Line Drive, 9S, EV 107.5 MPH)
|
|
Batting: RHB Chris LaReau
|
0-0: Called Strike 0-1: Ball 1-1: SINGLE (Groundball, 6D, EV 101.2 MPH) Melvin Enriquez to second
|
|
Batting: RHB Francisco Vargas
|
0-0: Ball 1-0: Ball 2-0: Called Strike 2-1: Swinging Strike 2-2: Fly out, F8 (Flyball, 8RM, EV 86.9 MPH)
|
|
Batting: LHB Dustin Horsley
|
0-0: Ball 1-0: Foul Ball, location: 2F 1-1: Fielders Choice at 2nd, 6-4 (Groundball, 6M, EV 84.4 MPH) Melvin Enriquez to third
|
|
Batting: RHB Francisco de la Cruz
|
0-0: Fielders Choice at 2nd, 5-4 (Groundball, 56D, EV 86.9 MPH)
|
| Bottom of the 4th over - 0 runs, 2 hits, 0 errors, 2 left on base; Boise 0 - State College 2 |
| TOP OF THE 5TH |
|
Boise Hawks batting - Pitching for State College Spikes : RHP Kohsuke Naito
|
|
Batting: RHB Chris Tatum
|
0-0: Ball 1-0: Ground out 6-3 (Groundball, 4MD, EV 89.4 MPH)
|
|
Batting: RHB Matt Cone
|
0-0: Called Strike 0-1: Ground out 5-3 (Groundball, 5S, EV 66.2 MPH)
|
|
Batting: LHB Zane Kelton
|
0-0: Foul Ball, location: 2F 0-1: Ball 1-1: Foul Ball, location: 2F 1-2: Ball 2-2: Strikes out looking
|
| Top of the 5th over - 0 runs, 0 hits, 0 errors, 0 left on base; Boise 0 - State College 2 |
| BOTTOM OF THE 5TH |
|
State College Spikes batting - Pitching for Boise Hawks : LHP Marc Eismann
|
|
Batting: RHB Ray Souza
|
0-0: Ball 1-0: Called Strike 1-1: Foul Ball, location: 2F 1-2: Ball 2-2: Ball 3-2: Strikes out swinging
|
|
Batting: RHB Mark Cahill
|
0-0: Fly out, F4 (Popup, 3S, EV 86.9 MPH)
|
|
Batting: RHB Mike Zimmerly
|
0-0: Ball 1-0: Ball 2-0: Ball 3-0: Called Strike 3-1: Foul Ball, location: 2F 3-2: Base on Balls
|
|
Batting: RHB Mark Marks
|
0-0: Ball 1-0: Ball 2-0: SINGLE (Groundball, 6MD, EV 99.4 MPH) Mike Zimmerly to second Runner from 2nd tries for 3rd, SAFE, throw by CF made to third
|
|
Batting: RHB Melvin Enriquez
|
0-0: Ball 1-0: Ball 2-0: SINGLE (Line Drive, 7S, EV 111.2 MPH) Mike Zimmerly scores Mark Marks to second
|
|
Batting: RHB Chris LaReau
|
0-0: SINGLE (Line Drive, 89S, EV 113.1 MPH) Mark Marks to third Melvin Enriquez to second Runner from 3rd tries for Home, SAFE, throw by RF to home
|
|
Batting: RHB Francisco Vargas
|
0-0: Ball 1-0: Called Strike 1-1: Ball 2-1: Swinging Strike 2-2: Ball 3-2: Base on Balls Melvin Enriquez to third Chris LaReau to second
|
|
Batting: LHB Dustin Horsley
|
0-0: Swinging Strike 0-1: DOUBLE (Line Drive, 9LM, EV 99.4 MPH) Melvin Enriquez scores Chris LaReau scores Francisco Vargas to third Runner from 3rd tries for Home, SAFE, throw by RF to home
|
|
Pitching: RHP Nate Dallman
|
|
|
Batting: RHB Francisco de la Cruz
|
0-0: Foul Ball, location: 2F 0-1: Foul Ball, location: 2F 0-2: Strikes out swinging
|
| Bottom of the 5th over - 5 runs, 4 hits, 0 errors, 1 left on base; Boise 0 - State College 7 |
| TOP OF THE 6TH |
|
Boise Hawks batting - Pitching for State College Spikes : RHP Kohsuke Naito
|
|
Batting: RHB Elias Urbina
|
0-0: Foul Ball, location: 2F 0-1: Hit by Pitch
|
|
Batting: LHB Glenn Lowther
|
0-0: Ball Elias Urbina steals 2nd base 1-0: Foul Ball, location: 2F 1-1: Foul Ball, location: 2F 1-2: SINGLE (Groundball, 34D, EV 93.8 MPH) Elias Urbina to third
|
|
Pitching: RHP Ed Puentes
|
|
|
Batting: LHB Greg Valenzuela
|
0-0: Ball Glenn Lowther steals 2nd base (no throw) 1-0: Called Strike 1-1: Ball 2-1: Foul Ball, location: 2F 2-2: Foul Ball, location: 2F 2-2: Strikes out swinging
|
|
Batting: SHB Bobby Santor
|
0-0: Ground out U3 (Groundball, 23, EV 84.4 MPH)
|
|
Batting: RHB Eric Delgado
|
0-0: Called Strike 0-1: Ball 1-1: Fly out, F9 (Flyball, 9, EV 73.1 MPH)
|
| Top of the 6th over - 0 runs, 1 hit, 0 errors, 2 left on base; Boise 0 - State College 7 |
| BOTTOM OF THE 6TH |
|
State College Spikes batting - Pitching for Boise Hawks : RHP Nate Dallman
|
|
Batting: RHB Ray Souza
|
0-0: Ball 1-0: Ground out 5-3 (Groundball, 5S, EV 69.4 MPH)
|
|
Batting: RHB Mark Cahill
|
0-0: Ball 1-0: Ball 2-0: SINGLE (Groundball, 4S, EV 68.8 MPH) (infield hit)
|
|
Batting: RHB Mike Zimmerly
|
0-0: Foul Ball, location: 2F 0-1: Ball 1-1: Ball 2-1: Fielders Choice at 2nd, 5-4 (Groundball, 5, EV 76.9 MPH)
|
|
Batting: RHB Mark Marks
|
0-0: Ball 1-0: Ball Mike Zimmerly steals 2nd base 2-0: Foul Ball, location: 2F 2-1: Called Strike 2-2: Ball 3-2: Base on Balls
|
|
Batting: RHB Melvin Enriquez
|
0-0: Foul Ball, location: 2F 0-1: Ball 1-1: Ball 2-1: Called Strike 2-2: Ball 3-2: Foul Ball, location: 2F 3-2: Foul Ball, location: 2F 3-2: Strikes out looking
|
| Bottom of the 6th over - 0 runs, 1 hit, 0 errors, 2 left on base; Boise 0 - State College 7 |
| TOP OF THE 7TH |
|
Boise Hawks batting - Pitching for State College Spikes : RHP Ed Puentes
|
|
Batting: SHB Jamie Locke
|
0-0: Ball 1-0: Swinging Strike 1-1: Ball 2-1: Foul Ball, location: 2F 2-2: Foul Ball, location: 2F 2-2: Strikes out looking
|
|
Batting: RHB Chris Tatum
|
0-0: Called Strike 0-1: Fly out, F7 (Flyball, 7S, EV 85.6 MPH)
|
|
Batting: RHB Matt Cone
|
0-0: Fly out, F9 (Flyball, 9, EV 93.8 MPH)
|
| Top of the 7th over - 0 runs, 0 hits, 0 errors, 0 left on base; Boise 0 - State College 7 |
| BOTTOM OF THE 7TH |
|
State College Spikes batting - Pitching for Boise Hawks : RHP Nate Dallman
|
|
Batting: RHB Chris LaReau
|
0-0: Swinging Strike 0-1: Ball 1-1: Ground out U3 (Groundball, 34S, EV 63.1 MPH)
|
|
Batting: RHB Francisco Vargas
|
0-0: Called Strike 0-1: Ball 1-1: Ball 2-1: Foul Ball, location: 2F 2-2: Foul Ball, location: 2F 2-2: Strikes out looking
|
|
Batting: LHB Dustin Horsley
|
0-0: Foul Ball, location: 2F 0-1: Ball 1-1: Ball 2-1: Ball 3-1: Ground out U3 (Groundball, 13, EV 84.4 MPH)
|
| Bottom of the 7th over - 0 runs, 0 hits, 0 errors, 0 left on base; Boise 0 - State College 7 |
| TOP OF THE 8TH |
|
Boise Hawks batting - Pitching for State College Spikes : RHP Ed Puentes
|
|
Batting: LHB Zane Kelton
|
0-0: Called Strike 0-1: Ground out 4-3 (Groundball, 4, EV 83.1 MPH)
|
|
Batting: RHB Elias Urbina
|
0-0: Swinging Strike 0-1: SINGLE (Line Drive, 4D, EV 93.8 MPH)
|
|
Batting: LHB Glenn Lowther
|
0-0: SINGLE (Line Drive, 78M, EV 105.0 MPH) Elias Urbina to second
|
|
Batting: LHB Greg Valenzuela
|
0-0: Foul Ball, location: 2F 0-1: Swinging Strike 0-2: Strikes out swinging
|
|
Batting: SHB Bobby Santor
|
0-0: Ball 1-0: SINGLE (Line Drive, 34D, EV 99.4 MPH) Elias Urbina to third Glenn Lowther to second Runner from 3rd tries for Home, throw by RF and OUT! 9-2
|
| Top of the 8th over - 0 runs, 3 hits, 0 errors, 2 left on base; Boise 0 - State College 7 |
| BOTTOM OF THE 8TH |
|
State College Spikes batting - Pitching for Boise Hawks : RHP Nate Dallman
|
|
Pitching: RHP Mike Clark
|
|
|
Batting: RHB Francisco de la Cruz
|
0-0: Called Strike 0-1: Swinging Strike 0-2: Foul Ball, location: 2F 0-2: Ball 1-2: DOUBLE (Flyball, 78XD, EV 107.5 MPH)
|
|
Batting: RHB Ray Souza
|
0-0: Ball 1-0: Foul Ball, location: 2F 1-1: Ball 2-1: SINGLE (Groundball, 56D, EV 105.6 MPH) Francisco de la Cruz to third
|
|
Batting: RHB Mark Cahill
|
0-0: Ball 1-0: SINGLE (Line Drive, 3D, EV 95.6 MPH) Francisco de la Cruz scores Ray Souza to second
|
|
Batting: RHB Mike Zimmerly
|
0-0: SINGLE (Groundball, 4D, EV 99.4 MPH) Ray Souza to third Mark Cahill to second
|
|
Batting: RHB Mark Marks
|
0-0: Ball 1-0: Ball 2-0: Ball 3-0: Called Strike 3-1: Called Strike 3-2: Fly out, F9 (Flyball, 8RS, EV 85.0 MPH)
|
|
Batting: RHB Melvin Enriquez
|
0-0: Ball 1-0: Ball 2-0: Foul Ball, location: 2F 2-1: Swinging Strike 2-2: Ball Wild Pitch! Ray Souza scores Mark Cahill to third Mike Zimmerly to second 3-2: Foul Ball, location: 2F 3-2: Strikes out swinging
|
|
Batting: RHB Chris LaReau
|
0-0: Called Strike 0-1: Called Strike 0-2: Strikes out swinging
|
| Bottom of the 8th over - 2 runs, 4 hits, 0 errors, 2 left on base; Boise 0 - State College 9 |
| TOP OF THE 9TH |
|
Boise Hawks batting - Pitching for State College Spikes : RHP Ed Puentes
|
|
Batting: RHB Eric Delgado
|
0-0: Foul Ball, location: 2F 0-1: Ball 1-1: Foul Ball, location: 2F 1-2: SINGLE (Flyball, 8LS, EV 92.5 MPH)
|
|
Batting: SHB Jamie Locke
|
0-0: Ball 1-0: Foul Ball, location: 2F 1-1: Swinging Strike 1-2: DOUBLE (Line Drive, 89XD, EV 105.6 MPH) Eric Delgado to third
|
|
Batting: RHB Chris Tatum
|
0-0: Foul Ball, location: 2F 0-1: Ball 1-1: Fly out, F7 (Flyball, 7, EV 80.6 MPH)
|
|
Batting: RHB Matt Cone
|
0-0: Ball 1-0: Ball 2-0: Called Strike 2-1: Ball 3-1: Swinging Strike 3-2: Foul Ball, location: 2F 3-2: Foul Ball, location: 2F 3-2: Strikes out swinging
|
|
Batting: LHB Zane Kelton
|
0-0: Ball 1-0: Ball 2-0: Ball 3-0: Called Strike 3-1: Called Strike 3-2: Foul Ball, location: 2F 3-2: Strikes out looking
|
| Top of the 9th over - 0 runs, 2 hits, 0 errors, 2 left on base; Boise 0 - State College 9 |
|